 Dungeon Crawl Stone Soup version 0.24-a0-244-ga6a6ab7 (webtiles) character file.

Game seed: 15767213327995861635

153 Leeroy the Gusty (level 5, 0/29 HPs)
             Began as a Tengu Air Elementalist on Apr 11, 2019.
             Was a Follower of Fedhas.
             Killed from afar by an orc wizard (5 damage)
             ... with a magic dart
             ... on level 3 of the Dungeon.
             The game lasted 00:09:06 (2407 turns).

Leeroy the Gusty (Tengu Air Elementalist)           Turns: 2407, Time: 00:09:08

Health: 0/29       AC:  2    Str:  9    XL:     5   Next: 35%
Magic:  0/9        EV: 13    Int: 15    God:    Fedhas [*.....]
Gold:   143        SH:  0    Dex: 15    Spells: 2/8 levels left

rFire    . . .     SeeInvis .   n - +2 dagger (venom)
rCold    . . .     Gourm    .   (no shield)
rNeg     . . .     Faith    .   a - +0 robe
rPois    .         Spirit   .   (helmet restricted)
rElec    .         Reflect  .   (no cloak)
rCorr    .         Harm     .   (no gloves)
MR       .....                  (boots unavailable)
Stlth    ++........             (no amulet)
HPRegen  0.09/turn              (no ring)
MPRegen  0.11/turn              (no ring)

@: no status effects
A: beak, talons 3, able to fly
a: Fly, Fungal Bloom, Sunlight, Renounce Religion


You were on level 3 of the Dungeon.
You worshipped Fedhas.
Fedhas was aware of your devotion.
You were not hungry.

You visited 1 branch of the dungeon, and saw 3 of its levels.

You collected 143 gold pieces.

Inventory:

Hand Weapons
 i - a +0 club
 l - a +0 whip
 n - a +2 dagger of venom (weapon)
 s - a cursed +0 club
 x - a +0 rapier
 A - a +1 dagger of flaming
Missiles
 m - 79 stones (quivered)
 p - 63 arrows
Armour
 a - a +0 robe (worn)
 g - a +0 ring mail
Jewellery
 b - an uncursed ring of ice
 r - an uncursed amulet of rage {unknown}
Wands
 v - a wand of random effects (14)
 w - a wand of paralysis (7)
Scrolls
 j - 3 scrolls of remove curse {unknown}
 q - a scroll of teleportation {unknown}
 t - a scroll of magic mapping {unknown}
 u - a scroll of fog {unknown}
 y - 2 scrolls of identify
Potions
 d - 2 potions of brilliance {unknown}
 e - a potion of flight {unknown}
 f - a potion of agility {unknown}
 h - a potion of curing {unknown}
 k - 2 potions of might {unknown}
 z - a potion of ambrosia {unknown}
Comestibles
 c - 6 rations


   Skills:
 - Level 1.0 Fighting
 * Level 2.5 Short Blades
 - Level 2.3 Dodging
 - Level 2.0 Stealth
 - Level 2.0 Spellcasting
 + Level 2.8 Conjurations
 + Level 6.0 Air Magic


You had 2 spell levels left.
You knew the following spells:

 Your Spells              Type           Power        Failure   Level  Hunger
a - Shock                 Conj/Air       ##..         3%          1    #......
b - Swiftness             Chrm/Air       ##......     10%         2    ###....
c - Static Discharge      Conj/Air       ##......     11%         3    ###....

Your spell library contained the following spells:

 Spells                   Type           Power        Failure   Level  Hunger
 Airstrike                Air            ###.......   19%         4    #####..
 Lightning Bolt           Conj/Air       ##........   69%         5    ######.


Dungeon Overview and Level Annotations

Branches:
Dungeon (3/15)

Altars:
Fedhas
Hepliaklqana
Kikubaaqudgha
Ru


Innate Abilities, Weirdness & Mutations

You have a beak for a mouth.
You have claws for feet.
You can fly continuously.


Message History

You closely miss the orc wizard. Your kick misses the orc wizard.
Your peck misses the orc wizard.
The orc wizard is severely wounded.
The orc wizard hits you but does no damage.
The orc wizard misses you.
You hit the orc wizard. Your kick misses the orc wizard.
The orc wizard is almost dead.
The orc wizard points at you and mumbles some strange words.
The puff of frost hits you!
The orc wizard hits you with a +0 dagger.
* * * LOW HITPOINT WARNING * * *
You hit the orc wizard but do no damage.
The orc wizard looks as sick as possible!
You claw the orc wizard.
You kill the orc wizard!
Your Air Magic skill increases to level 6!
The orc wizard gestures at you while chanting.
The magic dart hits you.
You die...
Fedhas appreciates your contribution to the ecosystem.

####.##......รท._#..'.....#
###........#########....#
#...........+..#..'.....#
#..)..#..#..#..#..#..#..#
##.....#..#..#.....#..#..#
......>#######(....#######
##.....# #.oo.......?#..#
.....### .....#####......#
.##.#### ##... #@###..####
.......## #.# #o)...##
........# #......#####
.####...# ###.####
.#..)...# # .#..#...#####
.####........ ........#####
........#


You could see an orc wizard.

Vanquished Creatures
  An orc wizard (D:3)
  4 adders
  An ooze (D:1)
  A dart slug (D:1)
  6 orcs (D:3)
  A ball python (D:1)
  9 bats
  A giant cockroach (D:3)
  6 goblins
  10 hobgoblins
  12 jackals
  6 kobolds
  A quokka (D:3)
  3 frilled lizards (D:2)
  7 rats
69 creatures vanquished.

Notes
Turn   | Place    | Note
-------+----------+-------------------------------------------
     0 | D:1      | Leeroy the Tengu Air Elementalist began the quest for the
                  | Orb.
     0 | D:1      | Reached XP level 1. HP: 10/10 MP: 4/4
   284 | D:1      | Reached XP level 2. HP: 9/15 MP: 1/6
   398 | D:1      | Learned a level 2 spell: Swiftness
   629 | D:1      | Reached skill level 5 in Air Magic
   629 | D:1      | Reached XP level 3. HP: 10/20 MP: 4/7
   634 | D:1      | Learned a level 3 spell: Static Discharge
   951 | D:2      | Reached skill level 1 in Fighting
   990 | D:2      | Found a hazy altar of Hepliaklqana.
  1448 | D:2      | Reached skill level 1 in Short Blades
  1448 | D:2      | Reached XP level 4. HP: 25/25 MP: 3/8
  1468 | D:2      | Found an ancient bone altar of Kikubaaqudgha.
  1838 | D:3      | Found a faded altar of an unknown god.
  1867 | D:3      | Became a worshipper of Fedhas Madash
  1867 | D:3      | Reached * piety under Fedhas
  2079 | D:3      | Found a sacrificial altar of Ru.
  2082 | D:3      | Gained mutation: You can fly continuously. [Tengu growth]
  2082 | D:3      | Reached XP level 5. HP: 20/29 MP: 9/9
  2407 | D:3      | Reached skill level 6 in Air Magic
  2407 | D:3      | Killed from afar by an orc wizard

Levels and vault maps discovered:
D:1:      dpeg_arrival_central, layout_basic, minmay_misc_feat_roman,
          minmay_misc_feat_enclosed
D:2:      layout_loops_cross, nicolae_overflow_crystal_walls,
          lemuel_coloured_pillars_altar, first_ration
D:3:      layout_loops_cross, hangedman_ru_absence,
          chequers_ecumenical_altar_island, corexii_shack

Skill      XL: |  1  2  3  4  5 |
---------------+----------------+-----
Air Magic      | 5 6 |  6.0
Fighting       | 1 |  1.0
Conjurations   | 2 |  2.8
Short Blades   | 1 2 |  2.5
Dodging        | |  2.3
Stealth        | |  2.0
Spellcasting   | |  2.0

Action                   |  1- 3 |  4- 6 || total
-------------------------+-------+-------++-------
Melee: Unarmed           |    15 |       ||    15
       Kick              |    13 |    20 ||    33
       Peck              |     6 |     9 ||    15
       Whip              |     7 |       ||     7
       Club              |     1 |       ||     1
       Dagger            |    39 |    60 ||    99
 Cast: Shock             |    38 |     6 ||    44
       Static Discharge  |       |     5 ||     5
  Use: Scroll            |     1 |       ||     1
 Stab: Sleeping          |     3 |     1 ||     4
  Eat: Chunk             |     2 |     4 ||     6
Armor: Robe              |    21 |     7 ||    28
Dodge: Dodged            |    67 |    52 ||   119

Table legend:
 A = Non-vault XP
 B = Vault XP
 C = Vault XP percentage of total XP
 D = Non-vault monster count
 E = Vault monster count
 F = Vault count percentage of total count
                 A         B        C        D         E       F
            +---------+---------+-------+---------+---------+-------
      Total |     217 |       2 |   0.9 |      68 |       1 |   1.4
            +---------+---------+-------+---------+---------+-------
        D:1 |      43 |       0 |   0.0 |      21 |       0 |   0.0
        D:2 |      52 |       0 |   0.0 |      24 |       0 |   0.0
        D:3 |     122 |       2 |   1.6 |      23 |       1 |   4.2
            +---------+---------+-------+---------+---------+-------
